[Event "GER-ch Youth U16 2019"]
[Site "Willingen"]
[Date "2019.06.15"]
[Round "9.1"]
[White "Knuedel, Torben"]
[Black "Wachinger, Nikolas"]
[Result "0-1"]
[ECO "B23"]
[WhiteElo "2044"]
[BlackElo "2311"]
[Annotator "ChessBase"]
[PlyCount "76"]
[EventDate "2019.06.07"]
[EventType "swiss"]
[EventRounds "9"]
[EventCountry "GER"]
[SourceTitle "playchess.com"]
[Source "ChessBase"]
[SourceQuality "1"]
[TimeControl "40/5400+30:1800+30"]

1. e4 c5 2. Nc3 d6 3. f4 Nc6 4. Nf3 g6 5. Bc4 Bg7 6. O-O e6 7. d4 cxd4 8. Nb5 Nge7 9. Bb3 O-O 10. Nbxd4 Na5 11. Be3 a6 12. Qd2 b5 13. Rad1 Qc7 14. Qf2 Nc4 15. Bxc4 bxc4 16. Qh4 e5 17. Ne2 f5 18. fxe5 dxe5 19. Kh1 f4 20. Bd2 Rb8 21. b3 h6 22. Qe1 Qc5 23. b4 Qc6 24. Bc3 Qxe4 25. Neg1 Bb7 26. Qxe4 Bxe4 27. Rfe1 Nd5 28. Bxe5 Bxe5 29. Nxe5 Ne3 30. Rd2 c3 31. Rf2 Rxb4 32. Ne2 Nxg2 33. Rxg2 f3 34. Rf2 fxe2+ 35. Kg1 Rxf2 36. Kxf2 Bxc2 37. Rxe2 Bf5 38. Nf3 c2 {[%emt 0:00:08] normal} 0-1

[Event "GER-ch Youth U16 2019"]
[Site "Willingen"]
[Date "2019.06.15"]
[Round "9.2"]
[White "Stork, Oliver"]
[Black "Dobrikov, Marco"]
[Result "1-0"]
[ECO "D71"]
[WhiteElo "2224"]
[BlackElo "2281"]
[Annotator "ChessBase"]
[PlyCount "106"]
[EventDate "2019.06.07"]
[EventType "swiss"]
[EventRounds "9"]
[EventCountry "GER"]
[SourceTitle "playchess.com"]
[Source "ChessBase"]
[SourceQuality "1"]
[TimeControl "40/5400+30:1800+30"]

1. d4 Nf6 2. c4 g6 3. g3 Bg7 4. Bg2 O-O 5. Nc3 d6 6. Nf3 c6 7. O-O Nbd7 8. b3 a6 9. e4 Qc7 10. Qc2 e5 11. Rd1 b5 12. dxe5 dxe5 13. cxb5 cxb5 14. Ba3 Re8 15. Rac1 Qa5 16. Bd6 Bb7 17. a4 Rac8 18. Qd2 Qb6 19. Bh3 b4 20. Nd5 Bxd5 21. Rxc8 Rxc8 22. Bxd7 Nxe4 23. Qe1 Ba8 24. Bxc8 Nxd6 25. Qe3 Qc6 26. Bh3 Bh6 27. Qe2 Bf8 28. Bg2 e4 29. Nd4 Qb6 30. Nc2 a5 31. Ne3 Qc5 32. Qc2 Qxc2 33. Nxc2 Kg7 34. Bf1 Kf6 35. Ne3 Ke5 36. Nc4+ Nxc4 37. Bxc4 Bd6 38. Bxf7 Bc6 39. h4 Bc7 40. Rc1 Kd6 41. g4 Bb6 42. Kf1 Bd7 43. g5 Bd4 44. Bg8 Ke5 45. Rc7 Kd6 46. Rb7 Bh3+ 47. Ke1 Bd7 48. Bxh7 Be6 49. Bxg6 Bxb3 50. Bxe4 Bxa4 51. g6 Bb3 52. g7 a4 53. Bh7 Kc6 {[%emt 0:00:12] normal} 1-0

[Event "GER-ch Youth U16 2019"]
[Site "Willingen"]
[Date "2019.06.15"]
[Round "9.3"]
[White "Suvorov, Alexander"]
[Black "Fromm, Marius"]
[Result "1-0"]
[ECO "A70"]
[WhiteElo "2325"]
[BlackElo "2038"]
[Annotator "ChessBase"]
[PlyCount "86"]
[EventDate "2019.06.07"]
[EventType "swiss"]
[EventRounds "9"]
[EventCountry "GER"]
[SourceTitle "playchess.com"]
[Source "ChessBase"]
[SourceQuality "1"]
[TimeControl "40/5400+30:1800+30"]

1. d4 Nf6 2. c4 c5 3. d5 e6 4. Nc3 exd5 5. cxd5 d6 6. e4 g6 7. Nf3 Bg7 8. h3 O-O 9. Bd3 Nh5 10. O-O Nd7 11. Bg5 Bf6 12. Be3 Re8 13. Qd2 Ne5 14. Be2 Nxf3+ 15. Bxf3 Ng7 16. Bf4 Be5 17. Rae1 a6 18. a4 Bd7 19. Bxe5 dxe5 20. Be2 Qf6 21. a5 Rac8 22. b3 Qh4 23. Qe3 f5 24. f4 exf4 25. Qxf4 Qxf4 26. Rxf4 Re5 27. exf5 Nxf5 28. Re4 Rxe4 29. Nxe4 Bb5 30. Bc4 Kg7 31. d6 Bxc4 32. bxc4 Rd8 33. Nxc5 Rxd6 34. Nxb7 Rc6 35. c5 Nd4 36. Rd1 Nb5 37. Rd7+ Kf6 38. Rxh7 Ke5 39. h4 Rc7 40. Rxc7 Nxc7 41. Nd8 Ne8 42. Kf2 Kd5 43. c6 g5 {[%emt 0:04:14] normal} 1-0

[Event "GER-ch Youth U16 2019"]
[Site "Willingen"]
[Date "2019.06.15"]
[Round "9.4"]
[White "Richter, Nils"]
[Black "Post, Hugo"]
[Result "1-0"]
[ECO "B90"]
[WhiteElo "2115"]
[BlackElo "2113"]
[Annotator "ChessBase"]
[PlyCount "79"]
[EventDate "2019.06.07"]
[EventType "swiss"]
[EventRounds "9"]
[EventCountry "GER"]
[SourceTitle "playchess.com"]
[Source "ChessBase"]
[SourceQuality "1"]
[TimeControl "40/5400+30:1800+30"]

1. e4 c5 2. Nf3 d6 3. d4 cxd4 4. Nxd4 Nf6 5. Nc3 a6 6. h3 h5 7. g3 e5 8. Nde2 b5 9. Bg2 Bb7 10. O-O Nbd7 11. Nd5 Nxd5 12. exd5 Qc7 13. Bg5 g6 14. Nd4 Bg7 15. Nc6 Nf6 16. a4 O-O 17. axb5 axb5 18. Qd3 e4 19. Qxb5 Nxd5 20. Na5 Ba6 21. Qxd5 Bxf1 22. Bxf1 Bxb2 23. Ra2 Be5 24. Nc6 Rxa2 25. Ne7+ Kh7 26. Qxa2 Qd7 27. Nd5 Qe6 28. Qc4 Bg7 29. Bg2 Re8 30. Qb3 Qf5 31. Bf4 Qe6 32. c4 Rc8 33. Qb4 Rc6 34. h4 Bd4 35. Be3 Bxe3 36. Nxe3 Rc8 37. Qb7 Re8 38. Nd5 Kg7 39. Nc7 Qe7 40. Nxe8+ {[%emt 0:00:04] normal} 1-0

[Event "GER-ch Youth U16 2019"]
[Site "Willingen"]
[Date "2019.06.15"]
[Round "9.5"]
[White "Trifan, Andrei Ioan"]
[Black "Koellner, Ruben Gideon"]
[Result "1/2-1/2"]
[ECO "B07"]
[WhiteElo "2268"]
[BlackElo "2299"]
[Annotator "ChessBase"]
[PlyCount "112"]
[EventDate "2019.06.07"]
[EventType "swiss"]
[EventRounds "9"]
[EventCountry "GER"]
[SourceTitle "playchess.com"]
[Source "ChessBase"]
[SourceQuality "1"]
[TimeControl "40/5400+30:1800+30"]

1. e4 d6 2. d4 Nf6 3. Nc3 e5 4. dxe5 dxe5 5. Qxd8+ Kxd8 6. Bc4 Ke8 7. Nf3 Bd6 8. Be3 a6 9. O-O-O b5 10. Bd5 Nxd5 11. Nxd5 Nd7 12. c4 c6 13. Nb6 Nxb6 14. Bxb6 Ke7 15. c5 Bb8 16. b4 Bg4 17. h3 Be6 18. Ng5 Bc4 19. Rd2 f6 20. Nf3 Ba7 21. Rhd1 Be6 22. Ba5 Rac8 23. Rd3 g6 24. Nd2 f5 25. f3 Rhf8 26. Re1 Kf6 27. Nb3 Bb8 28. Bb6 fxe4 29. fxe4 Ke7 30. Na5 Bxa2 31. Red1 Be6 32. Rd8 Rfxd8 33. Rxd8 Rxd8 34. Nxc6+ Kd7 35. Nxd8 Bc4 36. c6+ Kc8 37. Nb7 Bf1 38. g3 Bxh3 39. Kd2 Bc7 40. Bc5 Bb8 41. Ke3 Be6 42. Kf3 h5 43. Ke3 g5 44. Kf3 Bg4+ 45. Ke3 h4 46. gxh4 gxh4 47. Kf2 Bh5 48. Kg2 Bg6 49. Kh3 Bxe4 50. Nd6+ Bxd6 51. Bxd6 Bf5+ 52. Kxh4 e4 53. Kg5 Be6 54. Kf4 Bd5 55. c7 Bb7 56. Ke3 Bc6 {[%emt 0:00:18] normal Kxe4} 1/2-1/2

[Event "GER-ch Youth U16 2019"]
[Site "Willingen"]
[Date "2019.06.15"]
[Round "9.6"]
[White "Boder, Jan"]
[Black "Nguyen, Alex Dac-Vuong"]
[Result "0-1"]
[ECO "A15"]
[WhiteElo "2123"]
[BlackElo "2287"]
[Annotator "ChessBase"]
[PlyCount "105"]
[EventDate "2019.06.07"]
[EventType "swiss"]
[EventRounds "9"]
[EventCountry "GER"]
[SourceTitle "playchess.com"]
[Source "ChessBase"]
[SourceQuality "1"]
[TimeControl "40/5400+30:1800+30"]

1. c4 Nf6 2. Nf3 c5 3. Nc3 e6 4. e4 Nc6 5. d4 cxd4 6. Nxd4 Bb4 7. Nxc6 dxc6 8. Qxd8+ Kxd8 9. Bd3 e5 10. Bd2 Ke7 11. f3 Rd8 12. Ke2 Bc5 13. Rab1 Bd4 14. Na4 Nd7 15. Bb4+ Ke8 16. Rhf1 f6 17. Rfc1 b6 18. Bc3 Nf8 19. Bd2 Be6 20. Be3 Bf7 21. Bxd4 Rxd4 22. b3 Ne6 23. g3 Rad8 24. Rd1 Bh5 25. Nb2 Ng5 26. g4 Bf7 27. Ke3 h5 28. h4 Ne6 29. Na4 Nf4 30. Be2 hxg4 31. fxg4 Ng2+ 32. Kf2 Nxh4 33. Rxd4 Rxd4 34. Rd1 Rxe4 35. c5 b5 36. Nc3 Rd4 37. Rxd4 exd4 38. Ne4 Kd7 39. Nd6 Be6 40. Bd3 g5 41. Kg3 Ke7 42. Be4 Bd7 43. Kf2 Ke6 44. Kg3 Ke5 45. Bd3 f5 46. Nf7+ Kf6 47. Nd8 f4+ 48. Kf2 Ke7 49. Nb7 Bxg4 50. Na5 Bd7 51. Be4 g4 52. Bxc6 g3+ 53. Kg1 {[%emt 0:00:19] normal} 0-1

[Event "GER-ch Youth U16 2019"]
[Site "Willingen"]
[Date "2019.06.15"]
[Round "9.7"]
[White "Hommel, Niclas"]
[Black "Kopylov, Daniel"]
[Result "1/2-1/2"]
[ECO "B63"]
[WhiteElo "1953"]
[BlackElo "2263"]
[Annotator "NA"]
[PlyCount "132"]
[EventDate "2019.06.07"]
[EventType "swiss"]
[EventRounds "9"]
[EventCountry "GER"]
[SourceTitle "playchess.com"]
[Source "ChessBase"]
[SourceQuality "1"]
[TimeControl "40/5400+30:1800+30"]

1. e4 c5 2. Nf3 d6 3. d4 cxd4 4. Nxd4 Nf6 5. Nc3 Nc6 6. Bg5 e6 7. Qd2 Be7 8. O-O-O Nxd4 9. Qxd4 O-O 10. h4 Qa5 11. Kb1 Rd8 12. Qd2 Bd7 13. f3 Qc7 14. g4 Bc6 15. Bd3 d5 16. e5 Ne4 17. fxe4 dxe4 18. Rh3 exd3 19. Rxd3 Rxd3 20. Qxd3 Bxg5 21. hxg5 Qe7 22. Ne4 Rf8 23. Rh1 Bxe4 24. Qxe4 g6 25. Qe3 Rd8 26. Qh3 Qxg5 27. Qxh7+ Kf8 28. Rf1 Rd7 29. Qh8+ Ke7 30. Qg8 Qf4 31. Rh1 Qh2 32. Rf1 Qf4 33. Rh1 Qxg4 34. Rc1 Rd8 35. Qg7 Qh4 36. Rf1 Qf4 37. Re1 Rd2 38. Qh8 Qf2 39. Rh1 Rd8 40. Qg7 Rc8 41. Rc1 Qf5 42. a3 b5 43. Ka2 a5 44. Rh1 b4 45. axb4 axb4 46. Rh8 Rxh8 47. Qxh8 Qxc2 48. Qh4+ Ke8 49. Qxb4 Qc6 50. Qb8+ Kd7 51. Qf8 Qa6+ 52. Kb1 Qf1+ 53. Ka2 Qf3 54. Qd6+ Kc8 55. Qf8+ Kb7 56. Qe7+ Kc6 57. Qd6+ Kb5 58. b3 Qg2+ 59. Ka3 Qa8+ 60. Kb2 Qd5 61. Qb8+ Ka6 62. Qc8+ Kb6 63. Qb8+ Ka6 64. Qc8+ Qb7 65. Qc4+ Ka7 66. Qc5+ Ka8 {[%emt 0:00:04] normal} 1/2-1/2

[Event "GER-ch Youth U16 2019"]
[Site "Willingen"]
[Date "2019.06.15"]
[Round "9.8"]
[White "Woelk, Tom-Frederic"]
[Black "Huber, Benedikt"]
[Result "1-0"]
[ECO "E20"]
[WhiteElo "2239"]
[BlackElo "2051"]
[Annotator "ChessBase"]
[PlyCount "73"]
[EventDate "2019.06.07"]
[EventType "swiss"]
[EventRounds "9"]
[EventCountry "GER"]
[SourceTitle "playchess.com"]
[Source "ChessBase"]
[SourceQuality "1"]
[TimeControl "40/5400+30:1800+30"]

1. d4 Nf6 2. c4 e6 3. Nc3 Bb4 4. f3 d5 5. a3 Bxc3+ 6. bxc3 c5 7. e3 O-O 8. cxd5 exd5 9. Bd3 b6 10. Ne2 Ba6 11. Bxa6 Nxa6 12. O-O Nb8 13. Ng3 Nc6 14. Qd3 Re8 15. Bb2 c4 16. Qe2 h5 17. Rae1 Ne7 18. Bc1 h4 19. Nh1 Ng6 20. Nf2 Nh5 21. Qc2 Qf6 22. Nh3 Nf8 23. e4 Qg6 24. Qf2 dxe4 25. fxe4 Nf6 26. Nf4 Qh7 27. e5 Ne4 28. Qf3 Ng5 29. Qg4 Nge6 30. Nh3 Rac8 31. d5 Nc5 32. Re3 Nfd7 33. e6 fxe6 34. dxe6 Nb8 35. Qxc4 Re7 36. Nf4 Rce8 37. Nd5 {[%emt 0:00:33] normal} 1-0

[Event "GER-ch Youth U16 2019"]
[Site "Willingen"]
[Date "2019.06.15"]
[Round "9.9"]
[White "Koehler, Lukas"]
[Black "Koelle, Tobias"]
[Result "1/2-1/2"]
[ECO "C47"]
[WhiteElo "2068"]
[BlackElo "2215"]
[Annotator "ChessBase"]
[PlyCount "43"]
[EventDate "2019.06.07"]
[EventType "swiss"]
[EventRounds "9"]
[EventCountry "GER"]
[SourceTitle "playchess.com"]
[Source "ChessBase"]
[SourceQuality "1"]
[TimeControl "40/5400+30:1800+30"]

1. e4 e5 2. Nf3 Nc6 3. Nc3 Nf6 4. Be2 d5 5. exd5 Nxd5 6. O-O Nxc3 7. bxc3 e4 8. Ne1 Bd6 9. f3 exf3 10. Nxf3 O-O 11. d4 Bg4 12. Rb1 Rb8 13. Ng5 Bxe2 14. Qxe2 h6 15. Ne4 f5 16. Qc4+ Kh8 17. Nxd6 cxd6 18. Bf4 g5 19. Bd2 Qd7 20. Qd3 d5 21. h4 f4 22. hxg5 {[%emt 0:08:02] normal} 1/2-1/2

[Event "GER-ch Youth U16 2019"]
[Site "Willingen"]
[Date "2019.06.15"]
[Round "9.10"]
[White "Gutkin, Ilya"]
[Black "Liebold, Aaron"]
[Result "1-0"]
[ECO "A04"]
[WhiteElo "2041"]
[BlackElo "1870"]
[Annotator "NA"]
[PlyCount "107"]
[EventDate "2019.06.07"]
[EventType "swiss"]
[EventRounds "9"]
[EventCountry "GER"]
[SourceTitle "playchess.com"]
[Source "ChessBase"]
[SourceQuality "1"]
[TimeControl "40/5400+30:1800+30"]

1. Nf3 b5 2. e3 a6 3. d4 Bb7 4. b3 (4. a4 b4 5. a5 e6 6. c3 Nf6 7. Be2 c5 8. cxb4 cxd4 9. Nxd4 Bxg2 10. Rg1 Bb7 11. Bf3 Qc7 12. Bd2 Qxh2 {0-1 (55) Porper,E (2427)-Ramirez Alvarez,A (2599) Reykjavik 2014}) 4... Nf6 5. Bb2 e6 6. Nbd2 {[%emt 0:02:16] A40: Unusual replies to 1 d4} c5 7. Bd3 Be7 8. O-O d5 $146 ({Predecessor:} 8... h6 9. Re1 Qc7 10. Rc1 Rg8 11. c4 b4 12. Bf1 {1-0 (72) Kassani,S (2112)-Bressy,T (1848) Agneaux 2014}) 9. dxc5 Bxc5 10. Qe2 Nbd7 11. c4 bxc4 12. bxc4 Qe7 13. Rab1 O-O 14. Rfc1 dxc4 15. Nxc4 Rfc8 16. Na5 Be4 17. Ne5 Nxe5 18. Bxe5 Bxd3 19. Qxd3 Nd5 20. Bg3 h6 21. h3 Qg5 22. Kh2 h5 23. h4 Qe7 24. Rc4 Nb6 25. Rc2 Nd5 26. Qe2 Bb4 27. Nc6 Rxc6 28. Rxc6 Nc3 29. Rxc3 Bxc3 30. Qxh5 Rd8 31. Qf3 Bf6 32. Qe4 Qa3 33. Qc4 Qa5 34. Rb7 Be5 35. Bf4 Qd5 36. Qxd5 Rxd5 37. Bxe5 Rxe5 38. Rb8+ Kh7 39. Rb4 Kg6 40. Ra4 a5 41. Kg3 Rc5 {[%emt 0:02:01] unterminated} 42. Kf3 Kh5 43. g3 {[%emt 0:03:23] unterminated} e5 {[%emt 0:03:55] unterminated} 44. a3 $14 (44. Ke2 $16) 44... g6 45. Kg2 f5 46. Kh3 e4 47. g4+ Kh6 48. Kg3 Kg7 49. Kf4 Rc2 50. Kg3 Rc5 51. g5 Kf7 52. Rd4 Rc1 53. Rd7+ Kg8 54. Kf4 {[%emt 0:00:44] normal} 1-0

[Event "GER-ch Youth U16 2019"]
[Site "Willingen"]
[Date "2019.06.15"]
[Round "9.11"]
[White "Yi, Danny"]
[Black "Buller, Ian Joshua"]
[Result "1-0"]
[ECO "B93"]
[WhiteElo "2205"]
[BlackElo "1904"]
[Annotator "ChessBase"]
[PlyCount "57"]
[EventDate "2019.06.07"]
[EventType "swiss"]
[EventRounds "9"]
[EventCountry "GER"]
[SourceTitle "playchess.com"]
[Source "ChessBase"]
[SourceQuality "1"]
[TimeControl "40/5400+30:1800+30"]

1. e4 c5 2. Nf3 d6 3. d4 cxd4 4. Nxd4 Nf6 5. Nc3 a6 6. f4 g6 7. Bd3 Nc6 8. Nf3 Bg7 9. O-O O-O 10. a3 b5 11. Qe1 Nd7 12. Qh4 e6 13. Qh3 Re8 14. Be3 Bb7 15. Rae1 Rc8 16. f5 exf5 17. exf5 Nce5 18. Ng5 Nf8 19. fxg6 hxg6 20. Bf4 Rc7 21. Nge4 Nh7 22. Qg3 Re6 23. Ng5 Nxg5 24. Bxg5 Qe8 25. Be4 Nd7 26. Bxb7 Rxb7 27. Nd5 Re5 28. Ne7+ Rxe7 29. Rxe7 {[%emt 0:00:09] normal} 1-0

[Event "GER-ch Youth U16 2019"]
[Site "Willingen"]
[Date "2019.06.15"]
[Round "9.12"]
[White "Burian, Simon"]
[Black "Biermann, Florian"]
[Result "1-0"]
[ECO "B41"]
[WhiteElo "2001"]
[BlackElo "2018"]
[Annotator "NA"]
[PlyCount "61"]
[EventDate "2019.06.07"]
[EventType "swiss"]
[EventRounds "9"]
[EventCountry "GER"]
[SourceTitle "playchess.com"]
[Source "ChessBase"]
[SourceQuality "1"]
[TimeControl "40/5400+30:1800+30"]

1. e4 c5 2. Nf3 e6 3. d4 cxd4 4. Nxd4 a6 5. c4 Nf6 6. Nc3 Qc7 7. a3 d6 8. Be2 Be7 9. O-O b6 10. Be3 Bb7 11. f3 O-O 12. Rc1 Nbd7 13. b4 Rac8 14. Nb3 Qb8 15. Qd2 Rfe8 16. Rfd1 Bc6 17. Qe1 Bd8 18. Bf4 Bc7 19. Qd2 Ne5 20. Bxe5 dxe5 21. Qe3 Nh5 22. g3 f5 23. Kg2 Nf6 24. Bd3 g6 25. Qh6 Qa8 26. Re1 Red8 27. Bb1 Rd4 28. Nxd4 exd4 29. Nd5 exd5 30. exd5 Bd7 31. Re7 {[%emt 0:00:30] normal} 1-0

[Event "GER-ch Youth U16 2019"]
[Site "Willingen"]
[Date "2019.06.15"]
[Round "9.13"]
[White "Rietschel, Tilo"]
[Black "Jeschke, Jan"]
[Result "1-0"]
[ECO "C18"]
[WhiteElo "2005"]
[BlackElo "1915"]
[Annotator "NA"]
[PlyCount "45"]
[EventDate "2019.06.07"]
[EventType "swiss"]
[EventRounds "9"]
[EventCountry "GER"]
[SourceTitle "playchess.com"]
[Source "ChessBase"]
[SourceQuality "1"]
[TimeControl "40/5400+30:1800+30"]

1. e4 e6 2. d4 d5 3. Nc3 Bb4 4. e5 c5 5. a3 Bxc3+ 6. bxc3 Qc7 7. Nf3 Ne7 8. Bd3 Nbc6 9. O-O Bd7 10. a4 c4 11. Be2 f6 12. Re1 O-O 13. Ba3 fxe5 14. dxe5 Rf5 15. Bd6 Qa5 16. Bxc4 Rxf3 17. gxf3 Nf5 18. Bb4 Nxb4 19. cxb4 Qxb4 20. Bxd5 Nd4 21. Be4 Rf8 22. c3 Qxc3 23. Re3 {[%emt 0:01:09] normal} 1-0